Map: Automaton LE

Players

InZaNe - Winner!

  • Race: Terran Terran
  • Spawn Location: 9:00

Arctur

  • Race: Terran Terran
  • Spawn Location: 3:00

Event: 2019 WCS Spring

VOD

Have the link to the VOD?

Description

Time

  • Played on: May 17, 2019, 6:47 a.m.
  • Length: 16:52

All games in this series

Show
View Real Time Build Order
Export as new Build Order

InZaNe Terran - Winner!

Build Orders: Mech 

Get SALT Encoding   

  12  0:01  SCV  
  13  0:13  SCV  
  14  0:17  Supply Depot  
  14  0:25  SCV  
  15  0:30  Refinery  
  15  0:39  SCV  
  16  0:46  Barracks  
  16  0:51  SCV  
  17  0:57  Refinery  
  17  1:03  SCV  
  18  1:15  SCV  
  19  1:33  Reaper, Orbital Command  
  19  1:37  Factory  
  20  1:49  Supply Depot  
  20  2:00  SCV  
  21  2:05  Reaper  
  22  2:12  SCV  
  23  2:21  Hellion  
  25  2:24  SCV  
  26  2:33  Command Center  
  26  2:39  Barracks Reactor  
  26  2:43  Factory Tech Lab  
  26  2:45  SCV  
  27  2:53  Supply Depot  
  27  3:01  Cyclone  
  30  3:07  Starport  
  30  3:14  SCV  
  30  3:18  Marine x2  
  33  3:26  SCV  
  34  3:34  Refinery  
  34  3:38  SCV, Marine  
  39  3:45  Marine  
  39  3:46  Orbital Command  
  40  3:51  SCV  
  38  3:55  Marine  
  38  3:56  Viking, Factory Tech Lab  
  41  4:02  Marine  
  41  4:07  SCV  
  41  4:09  Supply Depot  
  43  4:15  Siege Tank  
  43  4:16  Marine  
  47  4:18  SCV  
  47  4:19  SCV  
  47  4:22  Marine  
  50  4:28  Raven  
  50  4:33  SCV x2  
  52  4:40  Marine x2  
  54  4:49  SCV x2  
  54  4:51  Siege Tank  
  58  4:53  Supply Depot  
  58  4:59  Supply Depot  
  58  5:01  SCV x2, Marine x2  
  62  5:14  Refinery  
  62  5:15  SCV x2, Supply Depot  
  64  5:27  Viking x2, SCV x2  
  70  5:33  Siege Tank  
  73  5:39  SCV x2  
  74  5:51  SCV x2, Barracks Reactor  
  74  5:53  Factory  
  74  5:55  Factory  
  75  6:01  Viking  
  75  6:02  Viking  
  78  6:07  Supply Depot  
  78  6:15  Siege Tank  
  81  6:36  Command Center  
  81  6:41  Viking x2  
  81  6:44  Siege Tank  
  81  6:46  SCV  
  81  6:47  SCV  
  87  6:56  Siege Tank  
  87  6:57  Hellion  
  87  6:58  SCV, Hellion  
  94  7:20  Siege Tank  
  94  7:21  Hellion x2  
  101  7:31  Viking  
  101  7:32  Siege Tank  
  97  7:37  Viking  
  97  7:38  SCV x2  
  95  7:44  Hellion  
  95  7:45  Hellion  
  95  7:50  SCV x2  
  101  8:02  SCV  
  101  8:03  SCV, Siege Tank  
  95  8:14  SCV  
  95  8:15  SCV  
  95  8:18  Siege Tank  
  95  8:19  Hellion x2  
  84  8:21  Viking  
  84  8:22  Viking  
  84  8:24  Orbital Command  
  84  8:26  Refinery  
  84  8:27  SCV, Refinery  
  84  8:29  Factory  
  84  8:30  Factory  
  84  8:31  SCV  
  84  8:37  Siege Tank  
  84  8:39  SCV  
  84  8:40  Hellion x2  
  92  8:43  SCV  
  92  8:48  Engineering Bay  
  93  8:51  SCV  
  93  8:52  Viking x2  
  93  8:55  SCV  
  99  9:02  Siege Tank  
  102  9:03  Hellion x2  
  102  9:05  SCV  
  102  9:07  SCV  
  109  9:11  Siege Tank  
  109  9:15  Armory  
  111  9:22  Factory Reactor, Factory Tech Lab  
  107  9:24  Viking, Command Center  
  107  9:29  Viking  
  113  9:31  Hellion  
  113  9:32  Hellion  
  113  9:38  Sensor Tower  
  111  9:43  Siege Tank  
  111  9:44  Supply Depot  
  114  9:52  Missile Turret  
  112  9:54  Missile Turret  
  112  9:56  Viking  
  112  9:58  Viking  
  116  10:02  Missile Turret  
  112  10:09  Siege Tank  
  112  10:10  Hellion x2  
  112  10:12  Siege Tank  
  105  10:15  Hellion  
  105  10:16  SCV  
  96  10:23  Siege Tank  
  96  10:24  Hellion  
  96  10:27  Viking  
  101  10:28  Viking  
  103  10:39  Hellion x2  
  103  10:40  Hellion  
  109  10:45  SCV x2  
  109  10:46  SCV  
  109  10:48  Terran Vehicle Weapons Level 1  
  112  10:56  Sensor Tower  
  112  10:58  SCV x3  
  112  11:02  Viking, Siege Tank x2  
  122  11:09  Viking  
  124  11:14  SCV x3  
  124  11:17  Refinery  
  124  11:18  Missile Turret, Refinery  
  127  11:19  Planetary Fortress  
  127  11:23  Hellion x4  
  135  11:26  SCV  
  135  11:27  Supply Depot  
  135  11:28  Supply Depot  
  135  11:30  Supply Depot  
  136  11:34  SCV  
  136  11:35  SCV, Missile Turret  
  136  11:37  Viking  
  140  11:42  Viking  
  143  11:52  Thor x2  
  152  11:57  Hellion x2  
  152  11:58  Hellion  
  154  12:04  Starport  
  154  12:09  Viking  
  154  12:10  Starport  
  156  12:16  Thor  
  156  12:17  Missile Turret  
  156  12:19  Missile Turret  
  168  12:27  Viking  
  164  12:30  Widow Mine x3  
  164  12:31  Widow Mine  
  164  12:32  Infernal Pre-Igniter  
  172  12:42  Starport Reactor  
  172  12:46  Terran Vehicle And Ship Armor Level 1  
  172  12:47  Armory, Starport Reactor  
  172  12:50  Missile Turret  
  172  12:57  Viking  
  172  13:01  Supply Depot  
  172  13:02  Supply Depot  
  172  13:14  Viking, Thor  
  180  13:23  Supply Depot  
  180  13:24  Viking, Supply Depot  
  180  13:25  Viking x2  
  180  13:26  Viking  
  188  13:27  Viking  
  184  13:44  Viking  
  178  13:54  Viking x2  
  178  13:55  Viking  
  179  13:56  Viking  
  179  13:57  Viking  
  176  14:03  Terran Vehicle Weapons Level 2  
  172  14:14  Viking  
  168  14:24  Viking x2  
  168  14:25  Viking, Smart Servos  
  168  14:26  Viking  
  176  14:35  Factory  
  176  14:37  Factory  
  176  14:38  Viking, Factory  
  176  14:44  Viking  
  180  14:48  Command Center  
  180  14:52  Siege Tank x2  
  184  14:54  Viking  
  184  14:56  Siege Tank  
  189  15:11  Viking x2  
  189  15:12  Viking x2  
  197  15:25  Command Center  
  197  15:35  Siege Tank  
  194  15:43  Viking  
  196  15:51  Siege Tank  
  193  15:59  Viking x3  
  193  16:01  Viking x2  
  193  16:03  Siege Tank  
  163  16:04  Hellion x3  
  163  16:05  Hellion  
  171  16:11  Siege Tank  
  171  16:13  Factory Tech Lab x3  
Show
View Real Time Build Order
Export as new Build Order

Arctur Terran 

Build Orders:  

Get SALT Encoding   

  12  0:00  SCV  
  13  0:12  SCV  
  14  0:18  Supply Depot  
  14  0:25  SCV  
  15  0:29  Refinery  
  15  0:39  SCV  
  16  0:45  Barracks  
  16  0:51  SCV  
  17  1:04  SCV  
  18  1:17  SCV  
  20  1:32  Reaper, Orbital Command  
  20  1:47  Command Center  
  20  1:58  Factory  
  20  2:02  SCV  
  20  2:06  Barracks Reactor  
  21  2:14  SCV, Supply Depot  
  22  2:19  Refinery  
  22  2:26  SCV  
  23  2:38  SCV  
  24  2:45  Starport  
  24  2:47  Hellion  
  24  2:48  Hellion  
  24  2:50  SCV  
  29  2:59  Orbital Command  
  29  3:02  SCV  
  30  3:09  Hellion  
  34  3:12  Hellion  
  34  3:15  SCV  
  35  3:21  Medivac  
  35  3:24  SCV  
  38  3:27  SCV  
  39  3:36  Marine x2  
  39  3:38  SCV  
  39  3:39  SCV  
  43  3:42  Factory Tech Lab  
  43  3:44  Supply Depot  
  43  3:50  SCV  
  43  3:51  SCV  
  43  3:54  Marine  
  46  4:01  Marine  
  46  4:05  SCV x2  
  46  4:08  Factory Tech Lab  
  46  4:09  Supply Depot  
  48  4:11  Marine  
  48  4:12  Refinery  
  48  4:18  Raven  
  48  4:19  Marine  
  48  4:20  SCV x2  
  48  4:22  Supply Depot  
  53  4:30  Cyclone  
  56  4:33  Marine  
  56  4:35  SCV x2  
  56  4:37  Marine  
  60  4:40  Supply Depot  
  60  4:47  SCV x2  
  62  4:54  Command Center  
  62  4:59  SCV  
  63  5:00  SCV  
  63  5:02  Siege Tank  
  63  5:04  Raven  
  69  5:08  Marine x2  
  69  5:11  Refinery  
  69  5:12  SCV  
  69  5:14  Supply Depot  
  72  5:15  SCV  
  73  5:24  SCV  
  73  5:27  SCV  
  75  5:33  Barracks  
  75  5:35  Siege Tank  
  75  5:36  SCV  
  75  5:38  Barracks  
  75  5:39  SCV  
  75  5:40  Supply Depot  
  78  6:00  SCV x2  
  80  6:07  Orbital Command, Barracks  
  80  6:08  Stimpack, Siege Tank, Barracks  
  80  6:11  Viking x2  
  85  6:14  SCV  
  85  6:15  SCV  
  89  6:25  Marine  
  89  6:26  Barracks Reactor  
  89  6:27  Barracks Reactor  
  89  6:28  Engineering Bay x2  
  89  6:29  SCV  
  89  6:32  Orbital Command  
  89  6:34  SCV  
  91  6:41  SCV  
  91  6:44  Viking x2, Siege Tank  
  91  6:46  SCV  
  99  6:49  Marine  
  99  6:53  SCV, Supply Depot  
  101  6:57  Barracks Reactor x2  
  101  6:59  SCV x2  
  101  7:00  Terran Infantry Weapons Level 1, Terran Infantry Armor Level 1  
  103  7:03  Marine  
  103  7:04  Marine  
  105  7:08  SCV  
  105  7:09  Supply Depot  
  105  7:11  SCV, Supply Depot  
  107  7:16  Siege Tank  
  107  7:18  SCV  
  107  7:21  SCV  
  112  7:23  SCV  
  113  7:30  SCV  
  113  7:33  SCV  
  113  7:35  SCV  
  102  7:42  Marine x8  
  102  7:43  Marauder, SCV  
  96  7:45  SCV, Medivac x2  
  96  7:48  Siege Tank  
  96  7:49  SCV  
  96  7:50  Armory, Refinery x2  
  105  7:59  Marine  
  105  8:01  Marine x2  
  105  8:04  Marauder  
  96  8:14  Marine x2  
  86  8:20  SCV x3  
  86  8:21  Marine  
  86  8:22  Marine x4  
  86  8:25  Marauder  
  86  8:26  Siege Tank  
  95  8:31  Marine  
  95  8:32  SCV x3, Marine  
  100  8:35  Combat Shield  
  100  8:44  SCV x3  
  100  8:45  Marine x4  
  106  8:56  SCV x2, Medivac x2  
  106  8:57  SCV  
  113  9:04  Supply Depot  
  113  9:08  SCV x2  
  114  9:12  Marine x2  
  114  9:13  Marauder, Marine x2  
  120  9:17  Terran Infantry Armor Level 2  
  120  9:21  Marine x4  
  124  9:26  Viking x2  
  124  9:28  Terran Infantry Weapons Level 2  
  124  9:29  Supply Depot  
  124  9:30  Terran Ship Weapons Level 1  
  124  9:31  Marine x2  
  130  9:35  Supply Depot  
  130  9:36  Supply Depot  
  130  9:37  Siege Tank, Supply Depot  
  133  9:45  Marine x2  
  136  9:51  Command Center  
  134  9:54  Barracks Tech Lab  
  134  9:56  Barracks Tech Lab  
  134  9:57  Marine x3  
  137  10:03  Marine  
  120  10:09  Marine  
  120  10:12  Marine  
  113  10:14  Marine x2  
  113  10:15  Marine  
  113  10:16  Marine  
  113  10:21  Marine  
  110  10:25  Viking x2  
  110  10:26  Siege Tank  
  110  10:27  Marine  
  114  10:29  Marine  
  114  10:31  Starport  
  114  10:32  Marine x2  
  114  10:33  Marauder, Marine  
  114  10:34  Starport  
  120  10:38  Marine  
  121  10:45  Marine  
  121  10:48  Marauder  
  121  10:49  Fusion Core  
  124  10:51  Marine x2  
  124  10:53  Liberator x2  
  124  10:55  Viking x2  
  127  11:07  Marine  
  127  11:08  Marauder, Marine  
  127  11:09  Marauder  
  134  11:15  Marauder  
  134  11:17  Supply Depot  
  138  11:22  Orbital Command  
  138  11:23  SCV x3  
  141  11:27  Viking  
  141  11:33  Marauder, Marine x2  
  141  11:35  SCV, Starport Tech Lab  
  141  11:36  Marauder, Marine  
  146  11:40  SCV  
  146  11:47  Concussive Shells  
  147  11:49  Marauder, Marine  
  147  11:51  Marine  
  147  11:53  SCV, Liberator x2  
  152  11:55  Marauder  
  152  11:56  Marine x2  
  152  11:58  Marauder  
  152  11:59  Viking  
  159  12:11  Viking x2  
  169  12:17  Marauder, Marine  
  169  12:20  Sensor Tower  
  169  12:21  Supply Depot  
  172  12:22  Advanced Ballistics  
  172  12:25  Terran Ship Weapons Level 2  
  171  12:30  Marine  
  171  12:31  Marauder  
  171  12:32  Marauder, Marine  
  175  12:39  Medivac  
  177  12:47  Liberator  
  177  12:48  Liberator  
  177  12:52  Viking x2  
  177  12:55  Starport  
  177  12:57  Command Center  
  178  13:01  Starport  
  184  13:06  Marine x2  
  184  13:07  Marauder  
  188  13:17  Barracks x2  
  188  13:18  Barracks  
  188  13:19  Terran Infantry Weapons Level 3  
  188  13:35  Liberator  
  188  13:36  Liberator  
  188  13:37  Viking x2  
  192  13:45  Marauder, Marine  
  192  13:47  Marine  
  192  13:48  Marauder  
  193  14:03  Marine  
  193  14:04  Marauder, Marine  
  197  14:14  Marine  
  197  14:15  Marauder x2, Viking x2, Marine  
  196  14:17  Viking  
  196  14:22  Liberator  
  196  14:23  Starport Tech Lab, Refinery  
  196  14:24  Refinery  
  198  14:30  Marine  
  198  14:31  Marauder  
  195  14:35  Barracks Tech Lab x2  
  195  14:40  Marauder  
  200  14:49  Planetary Fortress  
  193  15:10  Refinery  
  193  15:12  Refinery  
  193  15:18  Sensor Tower  
  193  15:22  Barracks Tech Lab  
  193  15:23  Viking x2  
  193  15:24  Viking  
  195  15:42  Viking x4  
  190  15:48  Liberator  
  187  15:53  Viking  
  183  16:00  Command Center  
  183  16:02  Marauder, Marine x2  
  183  16:03  Marauder x2, Marine x2  
  127  16:06  Viking, Marauder, Marine  
  127  16:07  Marine  
  122  16:12  Viking  
  124  16:20  Marine x3  
  124  16:21  Marine  
  124  16:24  Marauder x2, Marine x2  
  138  16:26  Marine  
Tags
 
Add a new tag
Caveats
  • Supply blocks, unpowered buildings, or Contaminate may cause inaccurate times.
  • Supply counts are checked every 10 seconds.